 Dungeon Crawl Stone Soup version 0.29-a0-495-g17b79114eb (webtiles) character file.

Game seed: 11747141900256590579

2189 croobank the Sneak (level 8, -4/66 HPs)
             Began as a Demigod Fire Elementalist on May 27, 2022.
             Slain by a wraith (8 damage)
             ... on level 8 of the Dungeon.
             The game lasted 00:29:07 (8276 turns).

croobank the Sneak (Demigod Fire Elementalist)      Turns: 8276, Time: 00:29:07

Health: -4/66      AC:  8    Str:  8 (9)  XL:     8   Next: 87%
Magic:  0/18       EV: 14    Int: 24 (25) God:
Gold:   347        SH:  0    Dex: 14      Spells: 3/15 levels left

rFire   . . .      SeeInvis .   o - +1 scythe (flame)
rCold   . . .      Faith    .   (shield currently unavailable)
rNeg    . . .      Spirit   .   i - +0 steam dragon scales
rPois   +          Reflect  .   j - +2 hat
rElec   .          Harm     .   (no cloak)
rCorr   .          Rampage  .   t - +0 pair of gloves "Vunogi" {rPois}
Will    .....                   (no boots)
Stlth   +++.......              (no amulet)
HPRegen 0.21/turn               (no ring)
MPRegen 0.16/turn               (no ring)

@: slowed, very slow
A: high MP 1, forlorn, divine attributes
a: no special abilities


You were on level 8 of the Dungeon.
You visited 1 branch of the dungeon, and saw 8 of its levels.

You collected 347 gold pieces.

Inventory:

Hand Weapons
 b - a +0 hunting sling
 d - a +0 falchion
 e - a +0 dagger
 g - a +0 long sword
 l - a +0 hand axe
 o - a +1 scythe of flaming (weapon)
 u - a +0 halberd
 y - a +0 battleaxe
 C - a +0 trident
Missiles
 c - 191 stones (quivered)
 n - 8 poisoned darts
Armour
 a - a +0 robe
 i - +0 steam dragon scales (worn)
 j - a +2 hat (worn)
 k - a +0 ring mail
 t - the +0 pair of gloves "Vunogi" (worn) {rPois}
   (You found it on level 4 of the Dungeon)

   rPois:     It protects you from poison.
Magical Staves
 s - a staff of death
Wands
 B - a wand of paralysis (2)
Scrolls
 m - a scroll of poison {unknown}
 p - 2 scrolls of enchant weapon {unknown}
 q - 5 scrolls of identify
 v - 2 scrolls of teleportation
 w - a scroll of noise
 z - a scroll of silence {unknown}
 A - a scroll of amnesia {unknown}
Potions
 f - 2 potions of degeneration
 h - a potion of might {unknown}
 r - a potion of cancellation {unknown}
 x - 3 potions of flight {unknown}
 D - 2 potions of lignification {unknown}


   Skills:
 + Level 4.1 Fighting
 + Level 4.9 Dodging
 + Level 5.2 Stealth
 + Level 4.3 Spellcasting
 + Level 4.5 Conjurations
 + Level 5.2 Fire Magic


You had 3 spell levels left.
You knew the following spells:

 Your Spells              Type           Power      Damage    Failure   Level
a - Foxfire               Conj/Fire      100%       2x1d9     1%          1
b - Scorch                Fire           60%        2d8       1%          2
c - Flame Wave            Conj/Fire      28%        2d8       13%         4
d - Poisonous Vapours     Pois/Air       10%        N/A       14%         2
e - Frozen Ramparts       Ice            10%        1d3       28%         3

Your spell library contained the following spells:

 Spells                   Type           Power      Damage    Failure   Level
 Conjure Flame            Conj/Fire      28%        6-21      3%          3
 Sting                    Tmut/Pois      20%        1d4       10%         1
 Inner Flame              Hex/Fire       17%        N/A       10%         3
 Ice Form                 Ice/Tmut       5%         N/A       67%         4
 Olgreb's Toxic Radiance  Pois           5%         N/A       67%         4
 Summon Ice Beast         Ice/Summ       5%         N/A       67%         4


Dungeon Overview and Level Annotations

Branches:
Dungeon (8/15)             Temple (0/1) D:6
   Lair: D:8-11

Shops:
D:3 =   D:6 (

Annotations:
D:6 2 transporters, porpoise's ghost, novice TeHu


Innate Abilities, Weirdness & Mutations

You have an increased reservoir of magic. (+10% MP)
You shall have no god before yourself.
Your divine heritage dramatically boosts your attributes as you level up.


Message History

You climb downwards.
Found a book of Touch and a scroll of identify.
There is a stone staircase leading up here.
Casting: Poisonous Vapours (safe; 14% risk of failure)
Confirm with . or Enter, or press ? or * to list all spells.
You conjure some foxfire!
The iguana barely misses you.
You hit the iguana. You burn the iguana.
You kill the iguana!
The foxfire hits the wraith.
The wraith is moderately damaged.
The foxfire hits the wraith but does no damage.
The wraith is moderately damaged.
The wraith barely misses you.
Casting: Foxfire (safe; 1% risk of failure)
Confirm with . or Enter, or press ? or * to list all spells.
You conjure some foxfire!
The wraith hits you.
* * * LOW HITPOINT WARNING * * *
You barely miss the wraith.
The wraith is moderately damaged.
The foxfire hits the wraith.
The wraith is moderately damaged.
The foxfire hits the wraith!
The wraith is heavily damaged.
The wraith closely misses you. x2
Okay, then.
Okay, then.
Sorry, you're not good enough to have a special ability.
Okay, then.
Okay, then.
You slash the wraith! You burn the wraith.
The wraith is almost destroyed.
The wraith hits you.
* * * LOW HITPOINT WARNING * * *
The wraith drains your vigour!
You feel yourself slow down. The wraith closely misses you.
Okay, then.
Casting: Foxfire (safe; 1% risk of failure)
Confirm with . or Enter, or press ? or * to list all spells.
You conjure some foxfire!
The wraith hits you!
You die...

.............#
......?......#
.............##
...............
.........:...#
.............#
.......vv....#
.......@.....#
.......W.....#
.............#
...........###
###..######.#
##. #.. # ..#
..


You could see a wraith (ally target).

Vanquished Creatures
  A hornet (D:5)
  Prince Ribbit (D:7)
  Sigmund (D:4)
  A steam dragon (D:6)
  A sky beast (D:6)
  3 black bears
  An ogre (D:6)
  A scorpion (D:6)
  6 killer bees (D:7)
  3 howler monkeys
  4 hounds
  3 orc priests (D:6)
  A gnoll shaman (D:4)
  A jelly (D:5)
  An orc wizard (D:5)
  4 iguanas
  Robin (D:4)
  5 adders
  5 gnolls (D:4)
  2 white imps (D:6)
  2 worms (D:2)
  2 dart slugs (D:3)
  16 orcs
  9 ball pythons
  3 bats (D:1)
  6 endoplasms
  3 giant cockroaches (D:1)
  14 goblins
  12 hobgoblins
  9 kobolds
  4 quokkas
  2 frilled lizards (D:1)
  2 rats
130 creatures vanquished.

Vanquished Creatures (others)
  230 foxfires
230 creatures vanquished.

Grand Total: 360 creatures vanquished

Notes
Turn   | Place    | Note
-------+----------+-------------------------------------------
     0 | D:1      | croobank the Demigod Fire Elementalist began the quest for
                  | the Orb.
     0 | D:1      | Reached XP level 1. HP: 14/14 MP: 5/5
   121 | D:1      | Reached skill level 1 in Conjurations
   330 | D:1      | Reached XP level 2. HP: 20/20 MP: 5/7
   611 | D:1      | Learned a level 2 spell: Scorch
  1341 | D:2      | Reached XP level 3. HP: 26/26 MP: 3/8
  2970 | D:3      | Reached XP level 4. HP: 34/34 MP: 8/10
  3039 | D:3      | Found Voshog's Jewellery Shop.
  3579 | D:4      | Reached skill level 1 in Fighting
  3641 | D:4      | Reached XP level 5. HP: 12/40 MP: 6/11
  4228 | D:4      | Noticed Sigmund
  4241 | D:4      | Killed Sigmund
  4242 | D:4      | Reached XP level 6. HP: 48/48 MP: 0/13
  4246 | D:4      | Identified the +0 pair of gloves "Vunogi" {rPois}
  4434 | D:4      | Learned a level 4 spell: Flame Wave
  4437 | D:4      | Learned a level 2 spell: Poisonous Vapours
  4489 | D:4      | Noticed Robin
  4498 | D:4      | Killed Robin
  4803 | D:5      | Entered Level 5 of the Dungeon
  5144 | D:5      | Noticed a hornet
  5152 | D:5      | Killed a hornet
  5153 | D:5      | Reached XP level 7. HP: 40/56 MP: 1/15
  5666 | D:6      | Found a transporter.
  6208 | D:6      | Found a staircase to the Ecumenical Temple.
  6405 | D:6      | Found Wazen's Weapon Shop.
  6434 | D:6      | Reached XP level 8. HP: 63/63 MP: 13/16
  6690 | D:6      | Noticed porpoise's ghost (novice TeHu)
  6693 | D:6      | Found a transporter.
  7253 | D:6      | Learned a level 3 spell: Frozen Ramparts
  7441 | D:7      | Noticed Prince Ribbit
  7452 | D:7      | Killed Prince Ribbit
  7453 | D:7      | Reached skill level 5 in Fire Magic
  7669 | D:7      | Reached skill level 5 in Stealth
  8241 | D:7      | Noticed a hornet
  8276 | D:8      | Slain by a wraith

Illustrated notes

Levels and vault maps discovered:
D:1:      minmay_arrival_shattered_statue, layout_loops_ring,
          hellmonk_ecumenical_altar_blasted
D:2:      layout_basic
D:3:      layout_loops_cross, amcnicky_altar_gilded, serial_shops,
          nicolae_shop_hallway_plus, st_stairs_12
D:4:      wander_river, layout_gridville, uniq_robin, uniq_sigmund
D:5:      layout_rooms
D:6:      layout_basic, minmay_temple_entry_from_below_a, gammafunk_ghost_arena,
          serial_shops, shop
D:7:      layout_basic, uniq_prince_ribbit1
D:8:      layout_layer_cave

Skill      XL: |  1  2  3  4  5  6  7  8 |
---------------+-------------------------+-----
Conjurations   | 1 2 3 4 |  4.5
Stealth        | 2 3 4 5 |  5.2
Dodging        | 2 3 4 |  4.9
Spellcasting   | 2 3 4 |  4.3
Fire Magic     | 3 4 5 |  5.2
Fighting       | 1 2 3 4 |  4.1

Action                   |  1- 3 |  4- 6 |  7- 9 || total
-------------------------+-------+-------+-------++-------
Melee: Unarmed           |     3 |       |       ||     3
       Punch             |     1 |       |     1 ||     2
       Dagger            |    26 |    17 |    25 ||    68
       Scythe            |       |       |    13 ||    13
Throw: Throwing net      |       |     2 |       ||     2
 Cast: Foxfire           |    52 |    50 |    30 ||   132
       Scorch            |    21 |    41 |    55 ||   117
       Poisonous Vapours |       |    11 |    16 ||    27
       Frozen Ramparts   |       |       |     1 ||     1
Evoke: Wand              |       |       |     1 ||     1
  Use: Scroll            |     3 |     1 |     2 ||     6
       Potion            |       |     3 |     3 ||     6
 Stab: Sleeping          |     1 |       |       ||     1
       Paralysed         |       |       |     1 ||     1
Armor: Robe              |     8 |    11 |     2 ||    21
       Steam dragon scal |       |       |    14 ||    14
Dodge: Dodged            |    21 |    22 |    59 ||   102

Table legend: (Time is in decaauts)
 A = Elapsed time spent in this place.
 B = Non-inter-level travel time spent in this place.
 C = Inter-level travel time spent in this place.
 D = Time resting spent in this place.
 E = Time spent auto-exploring this place.
 F = Levels seen in this place.
 G = Mean time per level.
                   A        B        C        D        E       F      G
               +--------+--------+--------+--------+--------+-----+--------+
         Total |   8317 |   8071 |    246 |   1585 |   5133 |   8 | 1039.6 |
       Dungeon |   8317 |   8071 |    246 |   1585 |   5133 |   8 | 1039.6 |
               +--------+--------+--------+--------+--------+-----+--------+

Top non-repeatable levels by time:
     D:6: 1708 daAuts
     D:4: 1404 daAuts
     D:2: 1289 daAuts
     D:1: 1167 daAuts
     D:3: 1133 daAuts
     D:7: 905 daAuts
     D:5: 700 daAuts
     D:8: 8 daAuts
